 Dungeon Crawl Stone Soup version 0.28.0-53-g5a82cb258f (webtiles) character file.

Game seed: 13924360749710607777

26 LynnLen the Sneak (level 2, -6/19 HPs)
             Began as a Vampire Enchanter on Aug 9, 2022.
             Killed by divine providence
             ... invoked by an orc priest
              (11 damage)
             ... on level 2 of the Dungeon.
             The game lasted 00:02:57 (1035 turns).

LynnLen the Sneak (Vampire Enchanter)               Turns: 1035, Time: 00:02:58

Health: -6/19      AC:  2    Str:  7    XL:     2   Next: 89%
Magic:  5/5        EV: 12    Int: 17    God:
Gold:   116        SH:  0    Dex: 14    Spells: 5/5 levels left

rFire   . . .      SeeInvis +   a - +1 dagger
rCold   . . .      Faith    .   (no shield)
rNeg    . . .      Spirit   .   b - +0 robe
rPois   .          Reflect  .   (no helmet)
rElec   .          Harm     .   (no cloak)
rCorr   .          Rampage  .   (no gloves)
Will    .....                   (no boots)
Stlth   +++.......              (no amulet)
HPRegen 0.26/turn               (no ring)
MPRegen 0.09/turn               (no ring)

@: healing quickly
A: alive, fangs 3, see invisible, vampiric 1
a: Exsanguinate


You were on level 2 of the Dungeon.
You visited 1 branch of the dungeon, and saw 2 of its levels.

You collected 116 gold pieces.

Inventory:

Hand Weapons
 a - a +1 dagger (weapon)
Missiles
 f - 6 boomerangs (quivered)
Armour
 b - a +0 robe (worn)
Scrolls
 g - 2 scrolls of identify {unknown}
Potions
 c - a potion of invisibility
 d - a potion of attraction {unknown}
 e - a potion of heal wounds {unknown}


   Skills:
 * Level 2.7 Short Blades
 - Level 2.1 Dodging
 + Level 5.1 Stealth
 - Level 2.0 Spellcasting
 - Level 4.4 Hexes


You had 5 spell levels left.
You didn't know any spells.
Your spell library contained the following spells:

 Spells                   Type           Power      Damage    Failure   Level
 Confusing Touch          Hex            16%        N/A       10%         3
 Tukima's Dance           Hex            16%        N/A       10%         3
 Ensorcelled Hibernation  Hex/Ice        18%        N/A       12%         2
 Dazzling Flash           Conj/Hex       18%        N/A       24%         3


Dungeon Overview and Level Annotations

Branches:
Dungeon (2/15)

Altars:

Shops:
D:1 [


Innate Abilities, Weirdness & Mutations

Your natural rate of healing is accelerated.
You have razor-sharp teeth.
You have supernaturally acute eyesight. (SInv)
You are afflicted with vampirism.


Message History

You hit the rat.
You kill the rat!
You see here a quokka corpse.
Found a plate armour.
There is an open door here.
There is a stone staircase leading up here.
You enter the shallow water.
Moving in this stuff is going to be slow.
Why would you want to do that?
g - 2 scrolls labelled PEVVAI JEUTH (gained 1) HP restored.
You enter the shallow water.
Moving in this stuff is going to be slow.
You enter the shallow water.
Moving in this stuff is going to be slow.
An orc and 4 orc priests come into view.
An orc priest is wielding a +2 hand axe of electrocution.
There are monsters nearby!
There are monsters nearby!
There are monsters nearby!
An orc comes into view. It is wielding a +0 club.
Found 10 gold pieces.
The orc priest shouts!
You hear a shout! x2
A ball python comes into view.
The ball python bites you. The ball python grabs you.
The ball python constricts you.
You hit the ball python.
You kill the ball python!
The orc shouts!
The orc priest shouts!
The orc priest invokes the aid of Beogh against you.
Pain shoots through your body!
The orc priest invokes the aid of Beogh against you.
Beogh smites you!
Ouch! That really hurt!
* * * LOW HITPOINT WARNING * * *
The orc priest calls down the wrath of Beogh upon you.
Beogh smites you!
Ouch! That really hurt!
You die...

#+# #.# ####.##
#######.....# #
#@..........##
#.#.#.#########..#
#............###.#####
###..oo8...8..##......
#........o..$#..####
........o....⌠#..#
####.....o...oo#.##
##..8...8..##.#
#........###.#


You could see 2 orc priests and 2 orcs.

Vanquished Creatures
  4 bats (D:1)
  7 endoplasms
  2 giant cockroaches (D:1)
  A goblin (D:1)
  A hobgoblin (D:1)
  2 quokkas
  2 ball pythons
  2 kobolds (D:1)
  2 rats (D:2)
23 creatures vanquished.

Notes
Turn   | Place    | Note
-------+----------+-------------------------------------------
     0 | D:1      | LynnLen the Vampire Enchanter began the quest for the Orb.
     0 | D:1      | Reached XP level 1. HP: 13/13 MP: 3/3
   142 | D:1      | Reached XP level 2. HP: 13/19 MP: 5/5
   303 | D:1      | Found Ihozylua's Antique Armour Boutique.
   449 | D:1      | Reached skill level 5 in Stealth
  1035 | D:2      | Killed from afar by an orc priest

Illustrated notes

Levels and vault maps discovered:
D:1:      minmay_arrival_radiant_lines, layout_basic, serial_shops, shop_coins
D:2:      cheibrodos_pilgrimage, layout_loops_corners, basic_altar,
          chequers_serial_rivers_large_a

Skill      XL: |  1  2 |
---------------+-------+-----
Short Blades   | 2 |  2.7
Stealth        | 5 |  5.1
Dodging        | |  2.1
Spellcasting   | |  2.0
Hexes          | |  4.4

Action                   || total
-------------------------++-------
Melee: Dagger            ||    76
       Bite              ||    11
       Punch             ||     1
 Stab: Sleeping          ||     5
Armor: Robe              ||    11
Dodge: Dodged            ||    61
